 Dungeon Crawl Stone Soup version 0.14-a0-77-g9a1e883 (webtiles) character file.

949 PolkaDot the Ruinous (level 7, 0/44 HPs)
             Began as a Vampire Wizard on Oct 1, 2013.
             Slain by a hound (2 damage)
             ... on Level 5 of the Dungeon.
             The game lasted 00:25:43 (5215 turns).

PolkaDot the Ruinous (Vampire Wizard)               Turns: 5215, Time: 00:25:44

HP   0/44        AC  3     Str  6      XL: 7   Next: 41%
MP  10/17        EV 12     Int 22      God:
Gold 233         SH  0     Dex 12      Spells:  3 memorised,  5 levels left

Res.Fire  : + . .   See Invis. : +   g - +0 short sword
Res.Cold  : . . .   Warding    : .   a - +0 robe
Life Prot.: + + .   Conserve   : .   (no shield)
Res.Poison: .       Res.Corr.  : .   q - +0 cap
Res.Elec. : .       Clarity    : .   (no cloak)
Sust.Abil.: . .     Spirit.Shd : .   (no gloves)
Res.Mut.  : .       Stasis     : .   e - +0 pair of boots
Res.Rott. : .       Flight     : .   (no amulet)
Saprovore : . . .                    h - ring of positive energy
                                     j - ring of protection from fire

@: invisible, mildly poisoned, very slightly contaminated, slightly resistant to
hostile enchantments, stealthy
A: bottle blood, fangs 3, see invisible, unbreathing
a: Bat Form, Bottle Blood


You were on level 5 of the Dungeon.
You were not thirsty.

You visited 1 branch of the dungeon, and saw 5 of its levels.

You collected 213 gold pieces.

Inventory:

Hand weapons
 g - a +0,+0 short sword (weapon)
 k - a +4,+0 spear of freezing
Armour
 a - a +0 robe (worn)
 e - a +0 pair of boots (worn)
 q - a +0 cap (worn)
Magical devices
 b - a wand of magic darts (10)
 f - a wand of frost (11)
Scrolls
 i - a scroll of teleportation
 t - 2 scrolls of remove curse
Jewellery
 h - a ring of positive energy (right hand)
 j - a ring of protection from fire (left hand)
 n - an uncursed ring of protection from fire
Potions
 d - a potion of restore abilities
 m - a potion of brilliance
Books
 c - a book of Minor Magic

   Spells                             Type                      Level
   *Magic Dart                        Conjuration                  1
   Blink                              Translocation                2
   Call Imp                           Summoning                    2
   Repel Missiles                     Charms/Air                   2
   Slow                               Hexes                        2
   *Conjure Flame                     Conjuration/Fire             3
   *Mephitic Cloud                    Conjuration/Poison/Air       3


   Skills:
 - Level 2.1 Dodging
 - Level 3.0 Stealth
 + Level 3.0 Spellcasting
 + Level 6.1 Conjurations
   Level 1.0 Summonings
   Level 0.7 Translocations
 * Level 0.6 Air Magic


You had 5 spell levels left.
You knew the following spells:

 Your Spells              Type           Power        Failure   Level  Hunger
a - Magic Dart            Conj           ####         1%          1    None
d - Mephitic Cloud        Conj/Pois/Air  ##......     14%         3    ###....
s - Conjure Flame         Conj/Fire      ###.....     12%         3    ###....


Dungeon Overview and Level Annotations

Branches:
Dungeon (5/27)
 Temple: D:4-7

Altars:
Ashenzari
Cheibriados
Nemelex Xobeh
the Shining One

Annotations:
D:5 Dowan, Duvessa


Innate Abilities, Weirdness & Mutations

You can bottle blood from corpses.
You have razor-sharp teeth.*
You have supernaturally acute eyesight.
You can survive without breathing.*


Message History

Found 15 stones.
* * * LOW HITPOINT WARNING * * *
You feel sick.
Dowan points at something and mumbles some strange words.
Found 18 stones.
You see here a scroll of teleportation.
* * * LOW HITPOINT WARNING * * *
You feel sick.
Found a scroll labeled APEXTA LUCUQA.
* * * LOW HITPOINT WARNING * * *
You feel sick.
* * * LOW HITPOINT WARNING * * *
You feel sick.
You feel a little better. The hound closely misses you. The hound bites you.
* * * LOW HITPOINT WARNING * * *
Dowan points at the gnoll and mumbles some strange words.
The puff of frost hits the gnoll.
The gnoll closely misses you. The gnoll barely misses you. The hound bites you.
You die...

##.g....... #
##.......... ..##
....##.......≈≈≈. .....
#...^g.....≈≈≈≈≈ ....
##.........≈≈≈≈≈ #..#
##.........≈≈≈≈≈
#...####...........≈≈≈.
#....##................
##...h@................
#####g................
##......e...........
##...(...............
#....................
#...........≈≈≈.....#+
#..?........≈≈≈≈≈...#
...........≈≈≈≈≈...##
....(....?≈≈≈≈≈....##


You could see Dowan, a gnoll sergeant (wandering), a hound and a gnoll.

Vanquished Creatures
  Prince Ribbit (D:4)
  A phantom (D:4)
  2 hounds
  A black bear skeleton (D:4)
  3 orc wizards (D:4)
  2 worker ants (D:4)
  Ijyb (D:1)
  10 adders
  A gnoll (D:5)
  A worm (D:3)
  A giant eyeball (D:3)
  3 oozes
  11 orcs
  3 giant cockroaches
  11 hobgoblins
  7 jackals
  4 kobolds
  A ball python (D:2)
  7 bats
  6 giant geckos
  A giant gecko skeleton (D:4)
  2 giant newts
  15 goblins
  A goblin skeleton (D:4)
  12 rats
108 creatures vanquished.

Notes
Turn   | Place    | Note
--------------------------------------------------------------
     0 | D:1      | PolkaDot, the Vampire Wizard, began the quest for the Orb.
     0 | D:1      | Reached XP level 1. HP: 11/11 MP: 6/6
   103 | D:1      | Reached skill level 1 in Conjurations
   243 | D:1      | Reached XP level 2. HP: 17/17 MP: 4/8
   774 | D:2      | Noticed Ijyb
   859 | D:2      | Reached XP level 3. HP: 9/22 MP: 6/10
   915 | D:2      | Learned a level 3 spell: Conjure Flame
   919 | D:2      | Learned a level 3 spell: Mephitic Cloud
  1244 | D:1      | Killed Ijyb
  1320 | D:2      | Reached XP level 4. HP: 14/28 MP: 6/12
  1415 | D:2      | Found a sparkling altar of Nemelex Xobeh.
  2826 | D:3      | Reached XP level 5. HP: 22/33 MP: 6/13
  3059 | D:3      | Paralysed by a giant eyeball for 4 turns
  3299 | D:3      | Found a glowing golden altar of the Shining One.
  3435 | D:4      | Noticed a phantom
  3476 | D:4      | Killed a phantom
  3476 | D:4      | Reached skill level 4 in Conjurations
  3622 | D:4      | Reached XP level 6. HP: 37/39 MP: 8/15
  3939 | D:4      | Reached skill level 5 in Conjurations
  4138 | D:4      | Found a shattered altar of Ashenzari.
  4592 | D:4      | Noticed Prince Ribbit
  4758 | D:4      | Killed Prince Ribbit
  4758 | D:4      | Reached skill level 6 in Conjurations
  4758 | D:4      | Reached XP level 7. HP: 39/44 MP: 1/17
  4998 | D:4      | Found a snail-covered altar of Cheibriados.
  5133 | D:5      | Entered Level 5 of the Dungeon
  5193 | D:5      | Noticed Duvessa
  5193 | D:5      | Noticed Dowan
  5213 | D:5      | HP: 2/44 [hound (2)]
  5215 | D:5      | Slain by a hound

Action                   |  1- 3 |  4- 6 |  7- 9 || total
-------------------------+-------+-------+-------++-------
Melee: Short sword       |    60 |    20 |    12 ||    92
       Unarmed           |     1 |       |       ||     1
 Cast: Magic Dart        |    67 |   217 |    25 ||   309
       Conjure Flame     |     2 |     3 |     1 ||     6
       Mephitic Cloud    |     1 |     4 |     1 ||     6
Evoke: Wand              |       |     2 |       ||     2
  Use: Potion            |     3 |     2 |     4 ||     9
       Scroll            |       |    12 |     4 ||    16
 Stab: Sleeping          |     3 |     3 |     1 ||     7
       Confused          |     7 |       |       ||     7
